 Dungeon Crawl Stone Soup version 0.31.0-10-gcf4a605ca0 (webtiles) character file.

Game seed: 16435356145182480570

87 PriceMaster the Firebug (level 4, 0/27 HPs)
             Began as an Octopode Fire Elementalist on Jan 26, 2024.
             Was an Initiate of Okawaru.
             Slain by Grinder (6 damage)
             ... on level 3 of the Dungeon.
             The game lasted 00:03:52 (2603 turns).

PriceMaster the Firebug (OpFE)                      Turns: 2603, Time: 00:03:53

Health: 0/27       AC:  1    Str: 15    XL:     4   Next: 51%
Magic:  2/8        EV: 13    Int: 17    God:    Okawaru [......]
Gold:   95         SH:  0    Dex: 12    Spells: 5/8 levels left

rFire   . . .        d - +2 flail (venom)
rCold   . . .        (no shield)
rNeg    . . .        (helmet restricted)
rPois   .            e - amulet of faith
rElec   .            b - +6 ring of strength
rCorr   .            (no ring)
SInv    .            (no ring)
Will    .....        (no ring)
Stlth   +++          (no ring)
HPRegen 0.24/turn    (no ring)
MPRegen 0.11/turn    (no ring)
                     (no ring)

%: faith
@: no status effects
A: almost no armour, amphibious, 8 rings, camouflage 1, gelatinous body 1,
(nimble swimmer 1), tentacles
a: Renounce Religion


You were on level 3 of the Dungeon.
You worshipped Okawaru.
Okawaru was noncommittal.
You visited 1 branch of the dungeon, and saw 3 of its levels.

You collected 95 gold pieces.

Inventory:

Hand Weapons
 d - a +2 flail of venom (weapon)
 f - a +0 spear
Jewellery
 b - a +6 ring of strength (left tentacle)
 e - an amulet of faith (around mantle)
Wands
 c - a wand of charming (10)
Scrolls
 g - 2 scrolls of vulnerability
 h - a scroll of enchant armour {unknown}
 i - 3 scrolls of teleportation {unknown}
 j - a scroll of immolation {unknown}
Potions
 a - 5 potions of magic
 k - 2 potions of curing
 l - a potion of heal wounds {unknown}
 m - 2 potions of enlightenment {unknown}
 n - 2 potions of degeneration {unknown}


   Skills:
 + Level 0.1 Fighting
 + Level 0.3 Polearms
 + Level 2.4 Dodging
 + Level 3.5 Stealth
 + Level 2.9 Spellcasting
 + Level 1.3 Conjurations
 + Level 3.7 Fire Magic


You had 5 spell levels left.
You knew the following spells:

 Your Spells              Type           Power      Damage    Failure   Level
a - Foxfire               Conj/Fire      44%        2x1d6     6%          1
b - Scorch                Fire           30%        2d6       6%          2

Your spell library contained the following spells:

 Spells                   Type           Power      Damage    Failure   Level
 Inner Flame              Hex/Fire       8%         N/A       24%         3
 Volatile Blastmotes      Fire/Tloc      16%        2d11      24%         3
 Flame Wave               Conj/Fire      11%        2d6       52%         4


Dungeon Overview and Level Annotations

Branches:
Dungeon (3/15)

Altars:
Ashenzari
Cheibriados
Dithmenos
Gozag
Okawaru
Ru
Trog
Uskayaw
Yredelemnul
The Shining One

Annotations:
D:3 Grinder


Innate Abilities, Weirdness & Mutations

You cannot wear most types of armour.
You are amphibious.
You can wear up to eight rings at the same time.
Your skin changes colour to match your surroundings (Stealth+).
Your rubbery body absorbs attacks. (AC +1, EV +1)
((You are camouflaged when in or above water. (Stealth+)))
You have tentacles for arms and can constrict up to eight enemies at once.


Message History

No target in view!
No target in view!
No target in view!
No target in view!
Okay, then.
You now have 95 gold pieces (gained 14).
n - 2 bubbling silvery potions Grinder and a rat come into view.
There are monsters nearby!
Casting: Scorch (safe; 6% risk of failure)
Confirm with . or Enter, or press ? or * to list all spells.
Flames lash Grinder.
Grinder shouts!
Grinder is lightly wounded.
Grinder's fire resistance burns away.
The rat squeaks loudly.
Grinder gestures at you.
You suddenly lose the ability to move!
Grinder gestures at you.
You shrug off the repeated paralysis!
Grinder gestures at you.
You shrug off the repeated paralysis!
Grinder is no longer more vulnerable to fire.
The rat bites you.
You can move again.
Casting: Scorch (safe; 6% risk of failure)
Confirm with . or Enter, or press ? or * to list all spells.
Flames lash Grinder.
Grinder is moderately wounded.
Grinder's fire resistance burns away.
The rat bites you. Grinder hits you.
You writhe in agony.
Casting: Scorch (safe; 6% risk of failure)
Confirm with . or Enter, or press ? or * to list all spells.
Flames lash Grinder.
Grinder is burned terribly!
Grinder is heavily wounded.
The rat bites you. Grinder hits you.
* * * LOW HITPOINT WARNING * * *
You writhe in agony.
You die...
Grinder sighs, "Dead already?
I want a refund."

.# #........ .. #.
.........# #.. ##
.>.......# #^# ..
#.........# ###.######.#
..... .##......#.#
...... ..#........#
#.?....
#.........#######.......
................@5......
##...........####r......
#........#### .......
#.......## .......
#.......# #......
#.......# #.....
#.####### ##### ###


You could see Grinder (combustible) and a rat.

Vanquished Creatures
  An orc wizard (D:3)
  An adder (D:2)
  3 ribbon worms (D:2)
  2 dart slugs
  2 orcs (D:3)
  5 ball pythons
  3 endoplasms
  A giant cockroach (D:3)
  3 goblins (D:2)
  2 hobgoblins
  4 quokkas
  3 bats
  3 frilled lizards
  4 kobolds
  3 rats
40 creatures vanquished.

Vanquished Creatures (others)
  23 foxfires
23 creatures vanquished.

Grand Total: 63 creatures vanquished

Notes
Turn   | Place    | Note
-------+----------+-------------------------------------------
     0 | D:1      | PriceMaster the Octopode Fire Elementalist began the quest
                  | for the Orb.
     0 | D:1      | Reached XP level 1. HP: 11/11 MP: 3/3
    61 | D:1      | Reached XP level 2. HP: 13/17 MP: 1/5
    64 | D:1      | Learned a level 2 spell: Scorch
   677 | D:2      | Reached XP level 3. HP: 7/21 MP: 1/6
  2241 | D:3      | Found a faded altar of an unknown god.
  2275 | D:3      | Reached XP level 4. HP: 20/27 MP: 2/7
  2377 | D:3      | Found an iron altar of Okawaru.
  2379 | D:3      | Found a shadowy altar of Dithmenos.
  2381 | D:3      | Found a bloodstained altar of Trog.
  2387 | D:3      | Found a basalt altar of Yredelemnul.
  2390 | D:3      | Became a worshipper of Warmaster Okawaru
  2392 | D:3      | Found a hide-covered altar of Uskayaw.
  2394 | D:3      | Found a sacrificial altar of Ru.
  2395 | D:3      | Found a snail-covered altar of Cheibriados.
  2397 | D:3      | Found a glowing golden altar of the Shining One.
  2402 | D:3      | Found a broken altar of Ashenzari.
  2403 | D:3      | Found an opulent altar of Gozag.
  2596 | D:3      | Noticed Grinder
  2597 | D:3      | Paralysed by Grinder for 5 turns
  2603 | D:3      | Slain by Grinder

Illustrated notes

Levels and vault maps discovered:
D:1:      dpeg_arrival_round_a, layout_rooms
D:2:      layout_loops_corners
D:3:      layout_rooms, nicolae_overflow_hallway_of_the_gods,
          nicolae_ecumenical_pavilion, uniq_grinder

Skill      XL: |  1  2  3 |
---------------+----------+-----
Stealth        | 3 |  3.5
Fighting       | |  0.1
Polearms       | |  0.3
Dodging        | |  2.4
Spellcasting   | |  2.9
Conjurations   | |  1.3
Fire Magic     | |  3.7

Action                     |  1- 3 |  4- 6 || total
---------------------------+-------+-------++-------
  Melee: Unarmed           |    14 |       ||    14
         Constrict         |    18 |     1 ||    19
         Tentacles         |    13 |       ||    13
         Spear             |    48 |     2 ||    50
         Flail             |       |     3 ||     3
   Cast: Foxfire           |    17 |       ||    17
         Scorch            |    12 |     4 ||    16
    Use: Scroll            |     5 |       ||     5
         Potion            |     3 |       ||     3
   Stab: Sleeping          |    10 |     1 ||    11
 Armour: Skin              |    15 |     5 ||    20
  Dodge: Dodged            |    27 |     2 ||    29
